 Dungeon Sprint DCSS version 0.21.1-1-g345015f (webtiles) character file.

0 doot the Skirmisher (level 1, -4/19 HPs)
             Began as a Draconian Berserker on June 7, 2018.
             Was a Follower of Trog.
             Slain by an iguana (11 damage)
             ... in the Dungeon (Sprint V: "Ziggurat Sprint").
             The game lasted 00:00:53 (51 turns).

doot the Skirmisher (Draconian Berserker)             Turns: 51, Time: 00:00:53

Health: -4/19      AC:  4    Str: 19    XL:     1   Next: 0%
Magic:  1/1        EV: 12    Int:  7    God:    Trog [*.....]
Gold:   0          SH:  0    Dex: 10    Spells: 0/0 levels left

rFire    . . .     SeeInvis .   b - +10 dark maul {crush}
rCold    . . .     Gourm    .   (shield currently unavailable)
rNeg     . . .     Faith    .   (armour unavailable)
rPois    .         Spirit   .   (helmet restricted)
rElec    .         Reflect  .   (no cloak)
rCorr    .         Harm     .   (no gloves)
MR       .....     NoTele   +   (no boots)
Stlth    +.........             (no amulet)
HPRegen  0.06/turn              (no ring)
MPRegen  0.07/turn              (no ring)

@: no status effects
A: unfitting armour, cold-blooded, AC +4
a: Berserk, Burn Spellbooks, Renounce Religion


You were in the Dungeon.
You worshipped Trog.
Trog was aware of your devotion.
You were not hungry.

You visited 1 branch

Inventory:

Hand Weapons
 a - the +9 heavy crossbow "Sniper" {velocity, Acc+∞ SInv}
   (You found it in the Dungeon)

   Any bolt fired from it inflicts extra damage.
   It lets you see invisible.
 b - the +10 dark maul (weapon) {crush}
   (You found it in the Dungeon)

   It inflicts extra damage upon your enemies.
 B - the +7 great mace "Firestarter" {inner flame, rF++}
   (You found it in the Dungeon)

   It has been specially enchanted to burn those struck by it, causing extra
   injury to most foes and up to half again as much damage against particularly
   susceptible opponents.
   It greatly protects you from fire.
Armour
 E - a +5 crystal plate armour
 F - +5 fire dragon scales
 G - +5 gold dragon scales
 H - +5 ice dragon scales
 I - a +5 plate armour
 J - +5 shadow dragon scales
 K - +5 storm dragon scales
Jewellery
 s - a +6 ring of dexterity
 t - a +6 ring of dexterity
 u - a +6 ring of intelligence
 v - a +6 ring of intelligence
 w - a +6 ring of strength
 x - a +6 ring of strength
Wands
 y - a wand of disintegration (7)
 z - a wand of iceblast (7)
 A - a wand of acid (7)
Scrolls
 g - 4 scrolls of blinking
 n - 7 scrolls of fog
 o - a scroll of holy word
 p - 5 scrolls of identify
 q - 5 scrolls of remove curse
 r - 2 scrolls of fear
Potions
 c - 10 potions of heal wounds
 d - 6 potions of haste
 e - 7 potions of magic
 f - 3 potions of berserk rage
 h - 2 potions of brilliance
 i - 2 potions of invisibility
 j - 4 potions of resistance
 k - a potion of experience
 l - 5 potions of agility
 m - 5 potions of might
 C - 10 potions of curing
Comestibles
 D - 7 rations


   Skills:
 + Level 3.2 Fighting
 + Level 2.6 Dodging
 + Level 3.0 Unarmed Combat


You couldn't memorise any spells.
You didn't know any spells.

Dungeon Overview and Level Annotations

Branches:
Dungeon (1/1)

Altars:
Ashenzari
Cheibriados
Dithmenos
Elyvilon
Fedhas
Gozag
Hepliaklqana
Kikubaaqudgha
Makhleb
Nemelex Xobeh
Okawaru
Qazlal
Ru
Sif Muna
Trog
Uskayaw
Vehumet
Wu Jian
Xom
Yredelemnul
Zin
The Shining One
Beogh
Jiyva
Lugonu

Annotations:
D 1 transporter


Innate Abilities, Weirdness & Mutations

Your plain brown scales are hard. (AC +4)
You cannot fit into any form of body armour.
You are cold-blooded and may be slowed by cold attacks.


Message History

Found a transporter.
Wield which item (- for none, * to show all)? (? for menu, Esc to quit)
a - the +9 heavy crossbow "Sniper" (weapon)
{velocity, Acc+∞ SInv} The iguana hisses angrily.
Firing (i - inventory): No suitable missiles.
Press: ? - help, Shift-Dir - straight line, f - river rat
Aim: a river rat (hasn't noticed you)
Okay, then.
Unknown command.
b - the +10 dark maul (weapon)
{crush} You barely miss the iguana.
Your tail-slap misses the iguana.
The iguana bites you. The iguana barely misses you. The river rat bites you!
Ouch! That really hurt!
The iguana barely misses you. The river rat misses you.
You closely miss the iguana.
You tail-slap the iguana, but do no damage.
The iguana barely misses you. The river rat barely misses you.
The iguana bites you!
Ouch! That really hurt!
You die...

▓▓▓▓▓▓▓
▓.8©8.▓
▓.....▓
▓.:.|.▓
▓.rl..▓
▓..@..▓
▓..©..▓
▓▓▓▓▓▓▓


You could see an iguana and a river rat.

Vanquished Creatures (others)
  A spatial maelstrom (D)
1 creature vanquished.

Notes
Turn   | Place    | Note
-------+----------+-------------------------------------------
     0 | D        | Found the +6 Majin-Bo {vamp, Archmagi MP+6 Int+6}
     0 | D        | Found the +7 great mace "Firestarter" {inner flame, rF++}
     0 | D        | doot the Draconian Berserker began the quest for the Orb.
     0 | D        | Reached XP level 1. HP: 19/19 MP: 1/1
     0 | D        | Found a deep blue altar of Sif Muna.
     0 | D        | Found a sacrificial altar of Ru.
     0 | D        | Found a bloodstained altar of Trog.
     0 | D        | Found a stormy altar of Qazlal.
     0 | D        | Found an iron altar of Okawaru.
     0 | D        | Found a sparkling altar of Nemelex Xobeh.
     0 | D        | Found a blossoming altar of Fedhas.
     2 | D        | Found a transporter.
     2 | D        | Found an ancient bone altar of Kikubaaqudgha.
     2 | D        | Found a viscous altar of Jiyva.
     2 | D        | Found a corrupted altar of Lugonu.
     2 | D        | Found a hazy altar of Hepliaklqana.
     2 | D        | Found a burning altar of Makhleb.
     2 | D        | Found an opulent altar of Gozag.
    16 | D        | Banished a spatial maelstrom
    19 | D        | Found the +9 heavy crossbow "Sniper" {velocity, Acc+∞ SInv}
    19 | D        | Found the +10 dark maul {crush}
    19 | D        | Found the +15 Maxwell's patent armour {-Cast -Tele rElec MR+ rCorr}
    19 | D        | Found the +18 shield of the Gong {rElec rN+ MR+ EV-5}
    19 | D        | Found the cursed +14 obsidian axe {chop, +Fly SInv *Curse}
    20 | D        | Found the +6 shillelagh "Devastator" {shatter}
    20 | D        | Found the +11 plutonium sword {*Contam Stlth-}
    20 | D        | Found the +8 lance "Wyrmbane" {slay drac, rPois rF+ rC+ AC+3}
    20 | D        | Found the +9 sword of Zonguldrok {reap}
    20 | D        | Found the cursed +13 scythe of Curses {drain, *Curse}
    20 | D        | Found the +0 sword of Power
    20 | D        | Found the -2 mace of Variability {chaos}
    20 | D        | Found the +7 Singing Sword
    20 | D        | Found the +7 longbow "Piercer" {penet, EV-2}
    46 | D        | Entered arena 2.
    46 | D        | Noticed an iguana
    46 | D        | Found a transporter.
    51 | D        | Slain by an iguana

Action                   || total
-------------------------++-------
Melee: Maul              ||     2
       Tailslap          ||     1
Dodge: Dodged            ||     5
